 Dungeon Crawl Stone Soup version 0.31-a0-726-g3c93526 (webtiles) character file.

Game seed: 16348691466294753265

66848 BarneyGumball the Peltast (level 15, -3/103 HPs)
             Began as a Djinni Fire Elementalist on Sept 10, 2023.
             Was the Champion of Makhleb.
             Slain by a thrashing horror (7 damage)
             ... on level 3 of the Abyss on Sept 11, 2023.
             The game lasted 01:45:48 (24416 turns).

BarneyGumball the Peltast (DjFE)                   Turns: 24416, Time: 01:45:49

Health: -3/103     AC:  8    Str:  7    XL:     15   Next: 63%
Gold:   1479       EV: 15    Int: 22    God:    Makhleb [******] SH: 20 Dex: 16

rFire   + + .        b - staff of conjuration
rCold   . . .        m - +1 kite shield
rNeg    . . .        i - +0 troll leather armour
rPois   ∞            C - +0 helmet
rElec   .            D - +0 cloak
rCorr   +            R - +0 pair of gloves
SInv    .            (boots unavailable)
Will    +....        E - amulet of reflection
Stlth   ++           e - ring of protection from cold
HPRegen 1.17/turn    U - ring of resist corrosion
MPRegen 0.00/turn

%: reflection, infuse magic (-4 HP)
@: about to teleport, flying, invisible
A: sickness immunity, fire resistance 2, cold vulnerability 1, float, innate
caster, HP casting, extra vitality 1
a: Renounce Religion, Minor Destruction, Lesser Servant of Makhleb, Major
Destruction, Greater Servant of Makhleb


You were on level 3 of the Abyss.
You worshipped Makhleb.
Makhleb was exalted by your worship.
You visited 4 branches of the dungeon, and saw 21 of its levels.
You visited the Abyss 1 time.
You also visited: Sewer.

You collected 1659 gold pieces.
You spent 180 gold pieces at shops.

Inventory:

Hand Weapons
 c - a +0 short sword of protection
 w - a +2 spear of flaming
Missiles
 s - 40 poisoned darts
 t - a throwing net
Armour
 i - a +0 troll leather armour (worn)
 m - a +1 kite shield (worn)
 C - a +0 helmet (worn)
 D - a +0 cloak (worn)
 F - an orb of mayhem
 G - a +0 ring mail of fire resistance
 R - a +0 pair of gloves (worn)
Magical Staves
 a - a staff of cold
 b - a staff of conjuration (weapon)
Jewellery
 e - a ring of protection from cold (left hand)
 g - a +6 ring of dexterity
 r - a ring of ice
 E - an amulet of reflection (around neck)
 Q - a ring of protection from cold
 U - a ring of resist corrosion (right hand)
Wands
 H - a wand of roots (17)
 L - a wand of flame (59)
 S - a wand of mindburst (3)
 X - a wand of paralysis (10)
Scrolls
 h - 3 scrolls of enchant weapon
 j - 2 scrolls of torment
 k - 5 scrolls of immolation
 l - 3 scrolls of fear
 n - 5 scrolls of teleportation
 o - 4 scrolls of vulnerability
 q - 3 scrolls of enchant armour
 y - 4 scrolls of poison
 A - 2 scrolls of brand weapon
 K - 4 scrolls of fog
 M - 4 scrolls of identify
Potions
 d - 6 potions of might
 f - 3 potions of lignification
 p - a potion of brilliance
 u - 3 potions of haste
 v - 7 potions of curing
 z - a potion of attraction
 B - 2 potions of berserk rage
 I - 2 potions of mutation
 J - 2 potions of enlightenment
 O - 6 potions of ambrosia
 T - a potion of invisibility
 W - a potion of resistance
Miscellaneous
 V - a phial of floods


   Skills:
 - Level 8.2 Fighting
 - Level 10.0 Armour
 - Level 10.1 Dodging
 - Level 1.5 Stealth
 - Level 15.0 Shields
 + Level 13.3 Spellcasting
 + Level 13.3 Conjurations
 + Level 13.3 Hexes
   Level 0.0 Charms
 + Level 13.3 Summonings
 + Level 13.3 Necromancy
 + Level 13.3 Translocations
 + Level 13.3 Transmutations
 + Level 13.3 Fire Magic
 + Level 13.3 Ice Magic
 + Level 13.3 Air Magic
 + Level 13.3 Earth Magic
 + Level 13.3 Poison Magic
 - Level 4.6 Invocations
 - Level 1.9 Evocations


You knew the following spells:

 Your Spells              Type           Power      Damage    Failure   Level
a - Foxfire               Conj/Fire      100%       2x1d9     1%          1
b - Scorch                Fire           100%       2d9       1%          2
c - Leda's Unmaking       Conj/Erth      42%        9d7       10%         6
d - Inner Flame           Hex/Fire       65%        N/A       1%          3
e - Flame Wave            Conj/Fire      84%        2d18      1%          4
f - Slow                  Hex            100%       N/A       1%          1
g - Lesser Beckoning      Tloc           100%       N/A       1%          2
h - Searing Ray           Conj           100%       2d8       1%          2
i - Hailstorm             Conj/Ice       84%        3d17      1%          3
j - Summon Forest         Summ/Tloc      32%        N/A       1%          5
k - Irradiate             Conj/Tmut      42%        3d25      1%          5
l - Volatile Blastmotes   Fire/Tloc      100%       2d18      1%          3
Your spell library was empty.

Dungeon Overview and Level Annotations

Branches:
Dungeon (14/15)            Temple (1/1) D:4            Lair (5/5) D:10
  Swamp (0/4) Lair:2       Spider (0/4) Lair:3        Slime (0/5) Lair:4
    Orc (1/2) D:10         Vaults (0/5) D:13          Sewer (visited)

Altars:
Ashenzari
Cheibriados
Dithmenos
Elyvilon
Fedhas
Gozag
Hepliaklqana
Makhleb
Nemelex Xobeh
Okawaru
Qazlal
Ru
Trog
Uskayaw
Wu Jian
Xom
Yredelemnul
Zin
The Shining One

Shops:
D:9 *

Annotations:
D:11 3 runed translucent doors, exclusion: 3 doors
Lair:1 exclusion: rime drake
Lair:4 exclusions: 2 doors and upstairs


Innate Abilities, Weirdness & Mutations

You are immune to sickness and miasma.
You are immune to poison.
Your flesh is very heat resistant. (rF++)
You are vulnerable to cold. (rC-)
You float through the air rather than walking.
You learn spells naturally, not from books.
Your magical power is your life essence.
You have superior vitality. (+4 MHP)


Message History

The thrashing horror tramples you but does no damage.
The +4 mace of holy wrath barely misses you.
The thrashing horror tramples your butterfly!
Your butterfly holds its ground!
Your butterfly dies!
Your butterfly disappears in a burst of colours!
The thrashing horror is engulfed in blazing flames.
Flame seeps out of the thrashing horror.
Casting: Inner Flame (safe; 1% risk of failure)
Confirm with . or Enter, or press ? or * to list all spells.
Okay, then.
Okay, then.
Okay, then.
You feel better.
You block the thrashing horror's attack. x3
The thrashing horror misses you.
The +4 mace of holy wrath closely misses you.
Your butterfly is engulfed in blazing flames.
You kill your butterfly!
Your butterfly disappears in a burst of colours!
The thrashing horror tramples you but does no damage.
You block the thrashing horror's attack.
The +4 mace of holy wrath hits you!
* * * LOW HITPOINT WARNING * * *
The thrashing horror tramples your butterfly.
Your butterfly is shoved backwards!
Your butterfly dies!
Your butterfly disappears in a burst of colours!
You feel better.
You block the thrashing horror's attack.
The thrashing horror closely misses you.
The thrashing horror misses your butterfly.
The thrashing horror tramples your butterfly.
Your butterfly is shoved backwards!
Your butterfly dies!
Your butterfly disappears in a burst of colours!
The +4 mace of holy wrath hits you!
* * * LOW HITPOINT WARNING * * *
The thrashing horror tramples you!
You die...

. .. .#. ..
#...... ..##..#..#
. .........### ..
..#....#.#..### .
##b.##.........
#..#....#.#.######
..#.b...(b###
.....X.@..##
..b.....XX#
...##b....#
....b..b.#.. #
..#.....#.##
...###...###.. #.#
##.## ... .. ...
... ... .##


You could see 3 thrashing horrors and a +4 mace of holy wrath (unable to see
you, ally target).

Vanquished Creatures
  Kirke (D:12)
  An ironbound preserver (D:13)
  Fannar (D:12)
  4 hydras
  A rakshasa (D:13)
  5 centaur warriors
  A two-headed ogre (D:9)
  A thrashing horror (Abyss:3)
  A pharaoh ant (Lair:3)
  2 skysharks
  Lodul (D:12)
  A spectral anaconda (Lair:5)
  3 necromancers (Lair:5)
  3 bog bodies (Lair:2)
  A lindwurm (Lair:2)
  An orc sorcerer (D:13)
  A deep elf pyromancer (D:13)
  An orc knight (D:13)
  A manticore (shapeshifter) (D:13)
  A worldbinder (Abyss:3)
  4 ugly things
  4 cyclopes
  2 manticores (D:13)
  An oklob plant (Lair:3)
  A dire elephant zombie (Lair:5)
  19 elephants
  8 cane toads
  4 black mambas
  2 gargoyles
  3 unseen horrors
  A kobold demonologist (D:10)
  2 dire elephant skeletons (Lair:5)
  2 rime drakes (Lair:4)
  A komodo dragon (shapeshifter) (D:14)
  7 komodo dragons
  A polar bear (shapeshifter) (D:13)
  4 trolls
  A queen bee (Lair:2)
  A tarantella (Lair:3)
  14 blink frogs
  A raiju (Abyss:3)
  A jumping spider (Lair:3)
  4 slime creatures (D:13)
  4 spectral elephants (Lair:5)
  4 vampires
  6 wyverns
  2 shadows
  3 wraiths
  6 hogs (D:12)
  Eustachio (D:4)
  52 yaks
  2 basilisks
  A vampire mosquito (D:7)
  An acid dragon (D:12)
  15 water moccasins
  2 swamp worms (Lair:2)
  2 ice beasts (D:7)
  13 orc warriors
  An elephant zombie (Lair:5)
  4 sky beasts
  An elephant skeleton (Lair:5)
  7 ogres
  4 centaurs
  10 wolves
  2 kobold brigands
  2 phantoms
  Blork the orc (D:6)
  10 bullfrogs
  5 scorpions
  A gnoll sergeant (D:8)
  10 wights
  An elephant simulacrum (Lair:5)
  13 killer bees
  11 howler monkeys
  3 lava snakes (Lair:5)
  3 electric eels
  5 jellies
  2 gnoll boudas
  2 hounds
  5 orc priests
  7 iguanas
  8 orc wizards
  20 gnolls
  18 adders
  5 river rats
  A shadow imp (D:3)
  14 white imps
  4 worms
  4 dart slugs
  42 orcs
  16 endoplasms
  12 goblins
  9 hobgoblins
  12 jackals
  20 kobolds
  2 quokkas
  17 ball pythons
  6 bats
  4 frilled lizards
  22 rats
  A butterfly (Lair:2)
581 creatures vanquished.

Vanquished Creatures (collateral kills)
  3 dire elephants (Lair:5)
  A boulder beetle (D:13)
  An obsidian statue (Lair:5)
  A black mamba (Lair:3)
  A cane toad (Lair:4)
  A killer bee (Lair:2)
  2 orcs (Orc:1)
  An endoplasm (Lair:4)
  11 foxfires
22 creatures vanquished.

Vanquished Creatures (others)
  A kobold (D:10)
  1998 foxfires
1999 creatures vanquished.

Grand Total: 2602 creatures vanquished

Notes
Turn   | Place    | Note
-------+----------+-------------------------------------------
     0 | D:1      | BarneyGumball the Djinni Fire Elementalist began the quest
                  | for the Orb.
     0 | D:1      | BarneyGumball set off with the following spells memorised:
                  | Foxfire, Scorch, Volatile Blastmotes, Inner Flame, Flame
                  | Wave.
     0 | D:1      | Reached XP level 1. HP: 15/15 MP: 0/0
   119 | D:1      | Reached XP level 2. HP: 19/21 MP: 0/0
   558 | D:1      | Reached XP level 3. HP: 23/25 MP: 0/0
   558 | D:1      | Learned a level 1 spell: Slow
   773 | D:2      | Found a faded altar of an unknown god.
   821 | D:2      | Reached XP level 4. HP: 30/31 MP: 0/0
   868 | D:2      | Identified the +16 plate armour of the Shore {Rampage rElec
                  | Str+2 SInv}
  1054 | D:2      | Found a basalt altar of Yredelemnul.
  1667 | D:3      | Reached XP level 5. HP: 31/35 MP: 0/0
  1667 | D:3      | Learned a level 2 spell: Lesser Beckoning
  1816 | D:3      | Found a stormy altar of Qazlal.
  2169 | D:4      | Noticed a phantom
  2181 | D:4      | Killed a phantom
  2182 | D:4      | Reached skill level 5 in Spellcasting
  2182 | D:4      | Reached skill level 5 in Conjurations
  2182 | D:4      | Reached skill level 5 in Hexes
  2182 | D:4      | Reached skill level 5 in Summonings
  2182 | D:4      | Reached skill level 5 in Necromancy
  2182 | D:4      | Reached skill level 5 in Translocations
  2182 | D:4      | Reached skill level 5 in Transmutations
  2182 | D:4      | Reached skill level 5 in Fire Magic
  2182 | D:4      | Reached skill level 5 in Ice Magic
  2182 | D:4      | Reached skill level 5 in Air Magic
  2182 | D:4      | Reached skill level 5 in Earth Magic
  2182 | D:4      | Reached skill level 5 in Poison Magic
  2182 | D:4      | Reached XP level 6. HP: 35/40 MP: 0/0
  2507 | D:4      | Found a staircase to the Ecumenical Temple.
  2516 | Temple   | Entered the Ecumenical Temple
  2541 | Temple   | Became a worshipper of Makhleb the Destroyer
  2750 | D:4      | Noticed Eustachio
  2771 | D:4      | Killed Eustachio
  2772 | D:4      | Reached XP level 7. HP: 9/45 MP: 0/0
  2772 | D:4      | Learned a level 2 spell: Searing Ray
  3255 | D:4      | Found a snail-covered altar of Cheibriados.
  3370 | D:4      | Found an iron altar of Okawaru.
  3489 | D:5      | Entered Level 5 of the Dungeon
  3902 | D:5      | Reached * piety under Makhleb
  3903 | D:5      | Reached XP level 8. HP: 43/50 MP: 0/0
  4111 | D:5      | Found a glowing drain.
  4130 | Sewer    | Entered a sewer
  4165 | Sewer    | Reached ** piety under Makhleb
  4812 | D:5      | Reached *** piety under Makhleb
  5151 | D:6      | Reached XP level 9. HP: 55/55 MP: 0/0
  5151 | D:6      | Learned a level 3 spell: Hailstorm
  5754 | D:6      | Reached skill level 1 in Shields
  5804 | D:6      | Noticed Blork the orc
  5808 | D:6      | Killed Blork the orc
  5809 | D:6      | Reached skill level 1 in Fighting
  5809 | D:6      | Reached skill level 1 in Armour
  5999 | D:7      | Reached **** piety under Makhleb
  6000 | D:7      | Reached skill level 2 in Shields
  6068 | D:7      | Reached skill level 3 in Shields
  6068 | D:7      | Reached skill level 1 in Invocations
  6096 | D:7      | Reached XP level 10. HP: 55/65 MP: 0/0
  6104 | D:7      | Reached skill level 4 in Shields
  6290 | D:7      | Killed an unseen horror
  6682 | D:8      | Reached skill level 5 in Shields
  6966 | D:8      | Reached skill level 5 in Dodging
  6982 | D:8      | Reached skill level 6 in Shields
  7367 | D:8      | Identified the +8 flail "Pemen" {heavy, Drain rElec rPois}
  7453 | D:8      | Reached ***** piety under Makhleb
  7767 | D:9      | Reached skill level 7 in Shields
  7767 | D:9      | Reached XP level 11. HP: 35/74 MP: 0/0
  7767 | D:9      | Learned a level 5 spell: Summon Forest
  7847 | D:9      | Reached skill level 5 in Fighting
  7989 | D:9      | Found a glowing silver altar of Zin.
  7989 | D:9      | Found a white marble altar of Elyvilon.
  7997 | D:9      | Found a sacrificial altar of Ru.
  7999 | D:9      | Found a bloodstained altar of Trog.
  8095 | D:9      | Found a shimmering altar of Xom.
  8143 | D:9      | Found Gumm's Assorted Antiques.
  8152 | D:9      | Bought a scroll of teleportation for 90 gold pieces
  8152 | D:9      | Bought a scroll of identify for 60 gold pieces
  8152 | D:9      | Bought a scroll labelled GOEVAL JUELO for 30 gold pieces
  8756 | D:9      | Reached skill level 8 in Shields
  9080 | D:9      | Noticed a two-headed ogre
  9114 | D:9      | Killed a two-headed ogre
  9235 | D:10     | Entered Level 10 of the Dungeon
  9525 | D:10     | Found a staircase to the Lair.
  9535 | D:10     | Found a blossoming altar of Fedhas.
 10294 | D:10     | Found a staircase to the Orcish Mines.
 10302 | D:10     | Reached skill level 9 in Shields
 10495 | Lair:1   | Entered Level 1 of the Lair of Beasts
 11227 | Lair:1   | Noticed an elephant
 11447 | Lair:2   | Reached skill level 10 in Shields
 11450 | Lair:2   | Noticed a lindwurm
 11459 | Lair:1   | Reached XP level 12. HP: 12/83 MP: 0/0
 11788 | Lair:2   | Found a staircase to the Swamp.
 11796 | Lair:2   | Reached skill level 11 in Shields
 11796 | Lair:2   | Reached skill level 10 in Spellcasting
 11796 | Lair:2   | Reached skill level 10 in Conjurations
 11796 | Lair:2   | Reached skill level 10 in Hexes
 11796 | Lair:2   | Reached skill level 10 in Summonings
 11796 | Lair:2   | Reached skill level 10 in Necromancy
 11796 | Lair:2   | Reached skill level 10 in Translocations
 11796 | Lair:2   | Reached skill level 10 in Transmutations
 11796 | Lair:2   | Reached skill level 10 in Fire Magic
 11796 | Lair:2   | Reached skill level 10 in Ice Magic
 11796 | Lair:2   | Reached skill level 10 in Air Magic
 11796 | Lair:2   | Reached skill level 10 in Earth Magic
 11796 | Lair:2   | Reached skill level 10 in Poison Magic
 12210 | Lair:2   | Reached skill level 12 in Shields
 12311 | Lair:2   | Reached ****** piety under Makhleb
 12941 | Lair:3   | Found a hole to the Spider Nest.
 12941 | Lair:3   | Noticed a pharaoh ant
 12973 | Lair:3   | Reached skill level 13 in Shields
 13278 | Lair:3   | Killed a pharaoh ant
 13279 | Lair:3   | Reached XP level 13. HP: 77/87 MP: 0/0
 13279 | Lair:3   | Learned a level 5 spell: Irradiate
 13792 | Lair:3   | Noticed a seven-headed hydra
 13798 | Lair:3   | Killed a seven-headed hydra
 13799 | Lair:3   | You are sucked into a shaft and drop 2 floors!
 13799 | Lair:5   | Entered Level 5 of the Lair of Beasts
 13897 | Lair:5   | Reached skill level 14 in Shields
 13917 | Lair:5   | Reached skill level 5 in Armour
 14702 | Lair:3   | Found a white marble altar of Elyvilon.
 15471 | Lair:4   | Noticed a catoblepas
 15471 | Lair:4   | Noticed a catoblepas
 15881 | Lair:4   | Reached XP level 14. HP: 90/94 MP: 0/0
 16585 | Lair:4   | Found a staircase to the Slime Pits.
 17009 | Lair:4   | Reached skill level 15 in Shields
 18119 | Lair:5   | Noticed a dire elephant
 18119 | Lair:5   | Noticed a dire elephant
 18120 | Lair:5   | Noticed a dire elephant
 19628 | Lair:5   | Killed a dire elephant
 19741 | Lair:5   | Killed a dire elephant
 19901 | Lair:5   | Killed a dire elephant
 20189 | Orc:1    | Entered Level 1 of the Orcish Mines
 20499 | D:11     | Found a runed translucent gate.
 20499 | D:11     | Found a runed translucent gate.
 20499 | D:11     | Found a runed translucent gate.
 20669 | D:11     | Found a frozen archway.
 21054 | D:12     | Noticed Kirke
 21195 | D:12     | You are sucked into a shaft and drop 2 floors!
 21423 | D:13     | Noticed an ironbound preserver
 21425 | D:13     | Reached skill level 1 in Evocations
 21619 | D:13     | Reached XP level 15. HP: 91/99 MP: 0/0
 21619 | D:13     | Learned a level 6 spell: Leda's Unmaking
 21680 | D:12     | Killed Kirke
 21683 | D:12     | Noticed Fannar
 21706 | D:12     | Killed Fannar
 21901 | D:12     | Noticed Lodul
 22121 | D:12     | Reached skill level 10 in Armour
 22130 | D:12     | Killed Lodul
 23075 | D:13     | Killed an ironbound preserver
 23616 | D:13     | Found a gate to the Vaults.
 23861 | D:14     | Reached skill level 10 in Dodging
 23892 | D:14     | Found a white marble altar of Elyvilon.
 24167 | Abyss:2  | Cast into level 2 of the Abyss (a wizard)
 24222 | Abyss:3  | Found a corrupted altar of Lugonu.
 24230 | Abyss:3  | Found a corrupted altar of Lugonu.
 24263 | Abyss:3  | Noticed a tentacled starspawn
 24342 | Abyss:3  | Noticed a purple very ugly thing
 24342 | Abyss:3  | Noticed a purple very ugly thing
 24343 | Abyss:3  | Noticed a purple very ugly thing
 24344 | Abyss:3  | Noticed a purple very ugly thing
 24348 | Abyss:3  | Noticed a purple very ugly thing
 24416 | Abyss:3  | HP: 4/103 [+4 mace of holy wrath (8)]
 24416 | Abyss:3  | Slain by a thrashing horror

Illustrated notes

Levels and vault maps discovered:
D:1:      psy_arrival_conway, layout_rooms
D:2:      layout_loops_cross, shapermc_ecumenical_altar_gd, basic_altar,
          st_stairs_3, hangedman_decor_growths, grunt_ministairs_2
D:3:      layout_loops_ring, mainiacjoe_overflow_brackets
D:4:      layout_loops_ring, mainiacjoe_overflow_two_lobes,
          lemuel_temple_firewalk_a, uniq_eustachio
D:5:      corexii_shantytown, layout_basic, portal_sewer_entry_b
D:6:      layout_gridville, uniq_blork_the_orc
D:7:      cheibrodos_fzero, layout_rooms
D:8:      layout_cave_pods
D:9:      layout_basic, chequers_temple_overflow_minitemple, serial_shops, shop
D:10:     layout_loops_ring, grunt_temple_overflow_growth_and_decay,
          lair_entry_dummy, david_orc_1_choice, chequers_serial_rivers_micro_d
D:11:     layout_roguey, portal_ice_cave_entry_imps,
          ploomutoo_gammafunk_ghost_potion_laboratory
D:12:     layout_loops_ring, uniq_lodul, uniq_kirke, uniq_fannar
D:13:     kennysheep_room_grid, layout_irregular_city,
          skrybe_vaults_entry_preservation
D:14:     layout_stronghold, elyvilon_altar_3
Temple:   minmay_temple_forest_path
Lair:1:   layout_regular_city, lemuel_fruit_tree
Lair:2:   layout_hall_layers, nicolae_swamp_entry_splash_gauntlet, special_room
          [special_room_bee], minmay_holes, grunt_megastairs_2,
          infiniplex_staircase_pool_2, lemuel_fruit_fields
Lair:3:   layout_regular_city, nicolae_spider_entry_lesser_pyramids,
          lemuel_oklob_altar
Lair:4:   nzn_motion_control, layout_loops_ring, nicolae_slime_entry_slimehenge
Lair:5:   due_jungle_book, layout_cellular_growth, nicolae_lair_liquid_snakes
Orc:1:    layout_caves, basic_altar
Abyss:3:  base: Lair:4, hangedman_steaming_rock, minivault_26

Skill      XL: |  1  2  3  4  5  6  7  8  9 10 11 12 13 14 15 |
---------------+----------------------------------------------+-----
Spellcasting   | 4 5 6 8 9 11 12 13 | 13.3
Conjurations   | 4 5 6 8 9 11 12 13 | 13.3
Hexes          | 4 5 6 8 9 11 12 13 | 13.3
Summonings     | 4 5 6 8 9 11 12 13 | 13.3
Necromancy     | 4 5 6 8 9 11 12 13 | 13.3
Translocations | 4 5 6 8 9 11 12 13 | 13.3
Transmutations | 4 5 6 8 9 11 12 13 | 13.3
Fire Magic     | 4 5 6 8 9 11 12 13 | 13.3
Ice Magic      | 4 5 6 8 9 11 12 13 | 13.3
Air Magic      | 4 5 6 8 9 11 12 13 | 13.3
Earth Magic    | 4 5 6 8 9 11 12 13 | 13.3
Poison Magic   | 4 5 6 8 9 11 12 13 | 13.3
Shields        | 3 7 10 13 14 15 | 15.0
Fighting       | 2 4 6 8 |  8.2
Armour         | 2 4 6 9 10 | 10.0
Dodging        | 3 5 8 10 | 10.1
Invocations    | 1 4 |  4.6
Evocations     | 1 |  1.9
Stealth        | |  1.5

Action                     |  1- 3 |  4- 6 |  7- 9 | 10-12 | 13-15 || total
---------------------------+-------+-------+-------+-------+-------++-------
  Melee: Short sword       |     1 |     2 |    13 |     3 |       ||    19
         Staff             |       |       |       |     2 |    38 ||    40
   Cast: Foxfire           |    53 |   117 |   228 |   266 |   515 ||  1179
         Scorch            |     1 |     1 |     2 |    25 |    77 ||   106
         Volatile Blastmot |       |     2 |       |     2 |    18 ||    22
         Inner Flame       |       |     6 |    48 |   124 |   190 ||   368
         Searing Ray       |       |       |       |     1 |     3 ||     4
         Hailstorm         |       |       |       |     3 |     7 ||    10
         Flame Wave        |       |       |       |     3 |     1 ||     4
         Summon Forest     |       |       |       |     2 |    12 ||    14
         Irradiate         |       |       |       |       |    14 ||    14
         Slow              |       |       |       |       |     1 ||     1
         Leda's Unmaking   |       |       |       |       |     1 ||     1
 Invoke: Lesser Servant of |       |       |       |       |     1 ||     1
    Use: Scroll            |       |       |    11 |    12 |    20 ||    43
         Potion            |       |       |     2 |     1 |    10 ||    13
 Armour: Robe              |     2 |     9 |    22 |    79 |    83 ||   195
         Skin              |       |       |     6 |       |       ||     6
         Ring mail         |       |       |       |       |   143 ||   143
         Troll leather arm |       |       |       |       |    84 ||    84
  Dodge: Dodged            |     3 |    15 |    27 |    24 |    74 ||   143
  Block: Kite shield       |       |       |     1 |    60 |   269 ||   330
         Reflection        |       |       |     1 |     9 |    30 ||    40

Table legend: (Time is in decaauts)
 A = Elapsed time spent in this place.
 B = Non-inter-level travel time spent in this place.
 C = Inter-level travel time spent in this place.
 D = Time resting spent in this place.
 E = Time spent auto-exploring this place.
 F = Levels seen in this place.
 G = Mean time per level.
                   A        B        C        D        E       F      G
               +--------+--------+--------+--------+--------+-----+--------+
         Total |  24439 |  23212 |   1227 |   4061 |  14442 |  24 | 1018.3 |
       Dungeon |  14170 |  13460 |    710 |   1149 |   9664 |  14 | 1012.1 |
        Temple |     50 |      1 |     49 |      0 |      0 |   1 |   50.0 |
          Lair |   9621 |   9154 |    467 |   2787 |   4613 |   5 | 1924.2 |
  Orcish Mines |     61 |     61 |      0 |     50 |      0 |   1 |   61.0 |
         Abyss |    249 |    249 |      0 |     75 |      0 |   2 |  124.5 |
         Sewer |    284 |    284 |      0 |      0 |    165 |   1 |  284.0 |
               +--------+--------+--------+--------+--------+-----+--------+

Top non-repeatable levels by time:
  Lair:5: 3392 daAuts
  Lair:3: 1975 daAuts
  Lair:4: 1592 daAuts
     D:9: 1587 daAuts
  Lair:2: 1448 daAuts
    D:10: 1407 daAuts
    D:13: 1364 daAuts
     D:4: 1355 daAuts
    D:12: 1271 daAuts
     D:5: 1243 daAuts
  Lair:1: 1213 daAuts
     D:8: 971 daAuts
     D:6: 894 daAuts
     D:2: 855 daAuts
    D:11: 750 daAuts
